Map: Ruins of Endion

Players

Happy

  • Race: Terran Terran
  • League: Diamond

Has - Winner!

  • Race: Protoss Protoss

Event: DreamHack Open Tours WCS Spring Championship

VOD

Have the link to the VOD?

Description

Time

  • Played on: May 14, 2016, 1:08 p.m.
  • Length: 15:50

All games in this series

Show
View Real Time Build Order
Export as new Build Order

Happy Terran 

Build Orders: Cyclone Opening, MMM Bio 

Get SALT Encoding   

  12  0:00  SCV  
  13  0:12  SCV  
  14  0:17  Supply Depot  
  14  0:25  SCV  
  15  0:29  Refinery  
  15  0:38  SCV  
  16  0:44  Barracks  
  16  0:50  SCV  
  17  1:02  SCV  
  18  1:15  SCV  
  19  1:30  Marine  
  19  1:31  Orbital Command  
  20  1:33  Supply Depot  
  20  1:35  Factory  
  20  1:48  Marine  
  21  1:56  Refinery, SCV, Bunker  
  22  2:06  Marine  
  22  2:08  SCV  
  24  2:19  Factory Tech Lab  
  24  2:20  SCV  
  25  2:24  Marine  
  26  2:32  SCV  
  30  2:37  Cyclone  
  30  2:45  SCV  
  31  2:54  Command Center  
  31  3:00  Supply Depot  
  31  3:07  Starport  
  31  3:22  SCV, Engineering Bay  
  32  3:28  Barracks Reactor  
  32  3:34  Siege Tank  
  32  3:37  SCV  
  36  3:58  Command Center  
  36  4:06  Orbital Command  
  36  4:12  SCV  
  37  4:18  Barracks  
  37  4:22  Missile Turret  
  37  4:24  SCV  
  38  4:27  Marine  
  38  4:28  Marine  
  40  4:33  SCV  
  41  4:40  Barracks  
  41  4:42  Factory Tech Lab  
  41  4:44  SCV  
  42  4:47  SCV  
  43  4:53  Terran Infantry Weapons Level 1  
  43  4:55  Marine  
  43  4:56  SCV  
  43  4:58  Medivac  
  47  5:00  SCV  
  47  5:06  Stimpack  
  48  5:09  SCV  
  48  5:12  Factory Reactor  
  48  5:13  Orbital Command  
  49  5:20  Marauder  
  47  5:29  Orbital Command  
  47  5:31  Marine x2  
  47  5:34  SCV  
  50  5:42  Marauder  
  52  5:44  SCV  
  53  5:50  Barracks  
  53  5:53  Barracks  
  53  5:54  SCV  
  53  5:55  SCV  
  53  5:56  SCV, Factory Reactor, Missile Turret  
  56  6:03  Combat Shields  
  56  6:04  Marauder, Marine  
  58  6:06  SCV  
  58  6:07  SCV  
  58  6:08  SCV  
  61  6:15  Bunker  
  61  6:16  Missile Turret  
  61  6:18  SCV  
  62  6:19  Supply Depot  
  62  6:21  Marauder  
  62  6:22  SCV  
  65  6:27  Marauder  
  69  6:33  SCV  
  69  6:34  Supply Depot  
  69  6:35  SCV  
  69  6:38  Supply Depot  
  69  6:40  SCV  
  69  6:41  Bunker  
  69  6:42  Liberator  
  69  6:44  Liberator  
  69  6:45  Supply Depot  
  69  6:47  SCV x2  
  71  6:49  Marauder  
  71  6:50  Barracks Reactor  
  71  6:52  Barracks Tech Lab  
  72  6:54  SCV  
  72  6:59  SCV  
  76  7:05  SCV  
  76  7:06  SCV  
  76  7:08  Refinery  
  81  7:11  Supply Depot  
  81  7:15  Terran Infantry Armor Level 1  
  81  7:16  SCV  
  81  7:17  Marine x2, Starport  
  81  7:19  SCV  
  81  7:20  SCV  
  86  7:26  Refinery  
  86  7:27  Supply Depot, Marine  
  86  7:29  SCV  
  88  7:31  Marauder, Marine  
  88  7:32  SCV x2  
  88  7:35  Concussive Shells  
  88  7:36  Supply Depot  
  93  7:41  SCV  
  93  7:42  Refinery  
  93  7:43  Refinery  
  94  7:44  SCV  
  94  7:48  SCV  
  95  7:51  Medivac  
  95  7:52  Medivac  
  95  7:53  SCV  
  95  7:55  Marine  
  95  7:56  SCV, Marauder, Marine  
  105  7:58  Liberator  
  105  8:06  Liberator, Command Center  
  105  8:11  SCV  
  109  8:23  SCV, Armory  
  109  8:24  Engineering Bay  
  113  8:35  SCV  
  113  8:36  Supply Depot  
  113  8:38  Supply Depot  
  113  8:39  Medivac, Liberator  
  116  8:45  Liberator  
  116  8:47  SCV  
  117  8:49  Supply Depot, Liberator  
  117  8:50  Supply Depot, Missile Turret x2  
  117  8:55  Marine  
  117  8:56  Marauder  
  117  8:57  Marine x2  
  117  8:58  Marauder  
  117  8:59  SCV  
  128  9:08  Supply Depot  
  134  9:11  SCV  
  135  9:20  Orbital Command  
  135  9:21  Command Center  
  135  9:23  SCV  
  137  9:25  Marauder  
  137  9:26  Marauder  
  140  9:34  Terran Infantry Weapons Level 2  
  140  9:35  Terran Infantry Armor Level 2  
  140  9:36  Terran Ship Weapons Level 1  
  142  9:49  Orbital Command  
  142  9:52  SCV x2  
  144  9:55  Missile Turret  
  147  10:00  Marine, Barracks x2  
  147  10:01  Marauder  
  150  10:12  Sensor Tower  
  153  10:16  Viking x2  
  153  10:17  Viking x2  
  153  10:18  Refinery, Missile Turret  
  153  10:19  Bunker  
  153  10:20  Refinery  
  152  10:22  Starport  
  152  10:27  SCV x2  
  154  10:36  Orbital Command  
  154  10:38  SCV  
  154  10:41  Marine x4  
  154  10:42  Marine  
  160  10:46  Viking x2  
  160  10:49  Missile Turret  
  163  10:50  SCV  
  163  10:53  Viking  
  163  10:54  Viking, Marine x2, Marauder  
  172  11:02  SCV  
  174  11:06  Liberator  
  168  11:16  Viking x2  
  168  11:18  Starport Tech Lab  
  167  11:20  Fusion Core  
  167  11:21  Marine x2  
  167  11:22  Marauder x2  
  167  11:23  Viking, Ghost Academy  
  178  11:26  Marine x2, Liberator  
  178  11:27  Marauder, Barracks Tech Lab  
  178  11:31  Barracks  
  178  11:32  Supply Depot  
  181  11:43  Marauder  
  181  11:46  Liberator  
  183  11:47  Liberator  
  183  11:55  SCV  
  183  11:57  Command Center  
  183  11:59  Sensor Tower  
  184  12:05  Ghost x3  
  184  12:07  SCV, Liberator  
  184  12:08  Advanced Ballistics  
  194  12:22  Command Center  
  194  12:24  Viking  
  199  12:37  Bunker  
  199  12:43  SCV  
  200  12:52  Liberator  
  200  12:57  Liberator  
  200  13:09  Viking x2  
  196  13:14  Viking  
  198  13:21  Marine x2  
  198  13:23  Orbital Command  
  198  13:24  Liberator x2  
  165  13:46  Marauder, Marine x2  
  165  13:47  Marauder  
  154  14:00  Liberator  
  143  14:07  Marauder, Marine x4  
  143  14:08  Marauder x3  
  143  14:09  Orbital Command  
  135  14:16  Liberator  
  119  14:18  Orbital Command  
  119  14:22  SCV x2  
  119  14:23  Orbital Command  
  109  14:24  Marine x2  
  109  14:25  Marine x2  
  109  14:28  Marine  
  109  14:29  Marauder x3  
  100  14:42  Marine x3, Orbital Command  
  100  14:43  Marine  
  102  14:47  Marauder  
  102  14:50  Marine  
  102  14:51  Marauder  
  102  14:52  Medivac  
  106  14:53  SCV  
  107  15:03  Viking, Marine x2  
  111  15:08  SCV  
  112  15:15  Medivac, Marine  
  112  15:16  Marauder, Marine x2  
  112  15:20  SCV x2  
  119  15:32  SCV  
Show
View Real Time Build Order
Export as new Build Order

Has Protoss - Winner!

Build Orders: Phoenix Opening 

Get SALT Encoding   

  12  0:01  Probe (Chrono Boost)  
  13  0:12  Probe (Chrono Boost)  
  14  0:17  Pylon  
  14  0:22  Probe (Chrono Boost)  
  15  0:35  Probe (Chrono Boost)  
  16  0:37  Gateway  
  16  0:45  Probe (Chrono Boost)  
  16  0:47  Assimilator  
  17  0:56  Probe (Chrono Boost)  
  18  0:58  Assimilator  
  18  1:07  Probe (Chrono Boost)  
  18  1:10  Pylon  
  19  1:17  Probe (Chrono Boost)  
  20  1:24  Cybernetics Core  
  20  1:28  Probe (Chrono Boost)  
  21  1:38  Probe (Chrono Boost)  
  22  1:49  Probe (Chrono Boost)  
  23  2:00  Stalker (Chrono Boost)  
  27  2:01  Mothership Core (Chrono Boost)  
  27  2:16  Stargate  
  28  2:26  Nexus  
  27  2:32  Warp Gate  
  27  2:33  Probe (Chrono Boost)  
  28  2:44  Probe (Chrono Boost)  
  29  2:46  Pylon  
  29  2:54  Probe (Chrono Boost)  
  30  3:04  Phoenix (Chrono Boost)  
  30  3:05  Pylon  
  32  3:06  Probe (Chrono Boost)  
  33  3:15  Pylon  
  33  3:18  Probe  
  36  3:27  Phoenix (Chrono Boost)  
  36  3:30  Probe  
  37  3:38  Gateway  
  37  3:39  Gateway  
  37  3:41  Probe  
  37  3:42  Probe  
  38  3:51  Phoenix (Chrono Boost)  
  38  3:54  Probe  
  41  3:55  Probe  
  42  4:06  Probe x2  
  44  4:15  Twilight Council  
  44  4:16  Forge  
  44  4:17  Probe  
  44  4:18  Probe  
  48  4:24  Phoenix (Chrono Boost)  
  48  4:27  Probe  
  48  4:30  Pylon  
  49  4:32  Probe  
  49  4:38  Probe  
  50  4:44  Probe  
  52  4:48  Probe  
  52  4:49  Phoenix (Chrono Boost)  
  55  4:56  Probe  
  55  4:59  Probe  
  56  5:02  Nexus  
  57  5:08  Probe  
  57  5:09  Probe  
  59  5:18  Nexus  
  59  5:24  Probe  
  59  5:26  Probe  
  61  5:28  Protoss Ground Weapons Level 1 (Chrono Boost)  
  61  5:29  Phoenix (Chrono Boost)  
  61  5:32  Pylon, Resonating Glaives (Chrono Boost)  
  61  5:36  Probe  
  62  5:48  Pylon  
  62  5:50  Probe x2  
  62  5:54  Pylon  
  64  5:57  Phoenix  
  64  6:02  Probe x2  
  64  6:04  Gateway  
  68  6:06  Gateway  
  68  6:14  Probe x3  
  68  6:18  Nexus  
  71  6:21  Phoenix (Chrono Boost)  
  73  6:26  Probe  
  73  6:27  Probe x2  
  73  6:29  Probe  
  77  6:37  Assimilator  
  77  6:38  Assimilator  
  77  6:39  Probe x3  
  80  6:40  Probe  
  80  6:43  Pylon  
  80  6:44  Phoenix  
  81  6:51  Probe x3  
  86  6:56  Probe  
  87  7:02  Gateway  
  87  7:03  Probe, Gateway  
  87  7:05  Robotics Facility, Pylon  
  87  7:07  Probe x2 (Chrono Boost)  
  90  7:08  Probe (Chrono Boost)  
  90  7:14  Assimilator, Protoss Ground Armor Level 1 (Chrono Boost)  
  91  7:15  Assimilator  
  91  7:17  Phoenix  
  91  7:18  Pylon  
  91  7:19  Probe (Chrono Boost)  
  91  7:20  Pylon  
  94  7:27  Forge  
  94  7:29  Probe (Chrono Boost)  
  95  7:30  Gateway  
  95  7:31  Pylon  
  95  7:36  Pylon  
  95  7:40  Probe (Chrono Boost)  
  95  7:41  Phoenix  
  98  7:49  Probe (Chrono Boost)  
  99  7:52  Observer (Chrono Boost)  
  99  7:55  Gateway  
  99  7:57  Gateway  
  99  7:58  Assimilator, Gateway  
  100  7:59  Probe, Assimilator  
  100  8:00  Gateway  
  100  8:03  Stargate  
  100  8:04  Fleet Beacon  
  101  8:07  Protoss Ground Weapons Level 2 (Chrono Boost)  
  101  8:09  Probe  
  101  8:11  Probe  
  102  8:16  Assimilator  
  103  8:20  Probe  
  103  8:22  Probe  
  104  8:30  Probe  
  105  8:36  Stargate  
  105  8:38  Warp Prism (Chrono Boost)  
  105  8:39  Probe  
  107  8:46  Adept x4  
  107  8:47  Tempest (Chrono Boost), Adept x4  
  122  8:48  Tempest (Chrono Boost)  
  122  8:50  Probe  
  131  8:56  Probe  
  131  9:01  Probe, Protoss Shields Level 1 (Chrono Boost)  
  131  9:02  Pylon, Assimilator  
  133  9:04  Pylon  
  133  9:09  Pylon  
  133  9:13  Observer (Chrono Boost)  
  134  9:22  Tempest, Gateway  
  134  9:23  Gateway  
  134  9:27  Tempest x2  
  134  9:30  Pylon  
  142  9:39  Warp Prism (Chrono Boost)  
  142  9:44  Adept x3  
  150  9:58  Adept  
  150  9:59  Tempest, Adept x7  
  166  10:05  Oracle  
  170  10:09  Adept x4  
  181  10:22  Tempest  
  185  10:31  Probe  
  185  10:32  Adept x7  
  200  10:37  Protoss Ground Armor Level 2 (Chrono Boost)  
  195  11:05  Stalker x2  
  195  11:07  Stalker x3  
  195  11:10  Tempest  
  195  11:12  Stalker x2  
  199  11:46  Tempest  
  185  11:51  Tempest  
  199  12:00  Templar Archives  
  199  12:25  Psionic Storm  
  199  12:26  Protoss Shields Level 2 (Chrono Boost)  
  199  12:36  Protoss Ground Weapons Level 3 (Chrono Boost)  
  199  13:12  High Templar x3  
  195  13:13  High Templar  
  199  13:28  Nexus  
  199  13:31  Pylon  
  183  13:54  Adept x3  
  183  13:55  Adept x11  
  159  14:05  Phoenix  
  159  14:08  Phoenix  
  109  14:18  Adept x4  
  109  14:19  Adept x8  
  109  14:23  Adept x2  
  131  14:25  Immortal (Chrono Boost)  
  131  14:30  Phoenix  
  131  14:42  Adept x2  
  131  14:43  Adept x11  
  131  14:45  Phoenix  
  159  14:51  Phoenix  
  159  14:55  Pylon  
  161  15:06  Adept x4  
  161  15:07  Adept x9  
  173  15:10  Probe, Phoenix  
  173  15:13  Phoenix  
  190  15:21  Probe  
  165  15:39  Stalker x6  
  165  15:40  Stalker x7  

Tags
 
Add a new tag
Caveats
  • Supply blocks, unpowered buildings, or Contaminate may cause inaccurate times.
  • Supply counts are checked every 10 seconds.